Map: Abandoned Camp

Players

BlackNova - Winner!

  • Race: Zerg Zerg
  • Spawn Location: 5:00

Kswiss - Winner!

  • Race: Protoss Protoss
  • League: Silver
  • Spawn Location: 3:00

Metasapien - Winner!

  • Race: Zerg Zerg
  • League: Platinum
  • Spawn Location: 3:00

OscarBarrera

  • Race: Terran Terran
  • League: Gold
  • Spawn Location: 7:00

Malorise

  • Race: Protoss Protoss
  • Spawn Location: 9:00

SuperGerkin

  • Race: Protoss Protoss
  • Spawn Location: 11:00

VOD

Have the link to the VOD?

Description

Time

  • Played on: Sept. 22, 2017, 10:12 p.m.
  • Length: 10:57
Show
View Real Time Build Order
Export as new Build Order

BlackNova Zerg - Winner!

Build Orders: Pool First 

Get SALT Encoding   

  12  0:02  Drone  
  13  0:15  Drone, Extractor  
  13  0:22  Drone  
  14  0:35  Spawning Pool  
  13  0:39  Drone  
  14  0:49  Overlord  
  14  1:22  Queen  
  14  1:23  Metabolic Boost  
  14  1:25  Zergling x4  
  18  1:31  Overlord  
  18  1:44  Zergling x2  
  19  1:52  Zergling x2  
  20  1:59  Zergling x2  
  20  2:00  Baneling Nest  
  20  2:10  Zergling x2  
  21  2:19  Zergling x2  
  20  2:40  Zergling x4  
  20  2:41  Zergling x2  
  22  2:52  Zergling x2  
  23  2:59  Lair  
  23  3:03  Baneling  
  23  3:04  Baneling  
  23  3:05  Baneling  
  23  3:07  Baneling  
  23  3:08  Zergling x2  
  24  3:14  Zergling x2  
  24  3:19  Extractor  
  22  3:40  Zergling x4  
  23  4:02  Drone x3  
  26  4:09  Overseer  
  26  4:22  Hatchery  
  25  4:26  Drone  
  26  4:39  Infestation Pit  
  25  4:46  Drone  
  25  4:50  Drone  
  27  5:06  Overlord  
  27  5:24  Nydus Network  
  26  6:02  Nydus Canal  
  26  6:06  Hive  
  26  6:20  Zergling x4  
  26  6:21  Zergling x6  
  25  6:35  Zergling x2  
  25  6:36  Zergling x2  
  25  6:53  Nydus Canal  
  19  7:15  Drone  
  19  7:16  Drone x4  
  24  7:37  Nydus Canal  
  21  8:53  Drone x2  
  21  8:54  Drone  
  24  9:28  Drone x3  
  27  9:34  Spawning Pool  
  27  9:37  Extractor  
  23  9:38  Extractor  
  22  9:49  Drone  
  22  9:50  Drone  
  24  9:59  Hatchery  
  23  10:11  Overlord  
  23  10:18  Drone  
  24  10:23  Drone  
Show
View Real Time Build Order
Export as new Build Order

Kswiss Protoss - Winner!

Build Orders: Blink Stalkers 

Get SALT Encoding   

  12  0:03  Probe (Chrono Boost)  
  14  0:14  Probe (Chrono Boost)  
  14  0:24  Pylon  
  14  0:25  Probe (Chrono Boost)  
  15  0:42  Probe (Chrono Boost)  
  16  0:48  Gateway  
  16  0:51  Forge  
  16  0:55  Probe (Chrono Boost)  
  17  1:01  Assimilator  
  17  1:09  Probe (Chrono Boost)  
  18  1:19  Probe (Chrono Boost)  
  19  1:26  Photon Cannon  
  19  1:29  Pylon  
  19  1:30  Probe (Chrono Boost)  
  20  1:55  Cybernetics Core  
  20  1:58  Zealot  
  20  2:00  Gateway  
  22  2:16  Assimilator  
  23  2:23  Probe (Chrono Boost)  
  23  2:36  Nexus  
  23  2:51  Warp Gate (Chrono Boost)  
  23  3:01  Twilight Council  
  23  3:06  Zealot  
  23  3:07  Zealot  
  27  3:13  Pylon  
  27  3:17  Probe  
  28  3:30  Mothership Core  
  30  3:46  Blink (Chrono Boost)  
  30  3:53  Probe x2  
  32  4:04  Probe  
  32  4:05  Probe, Stalker  
  36  4:10  Protoss Ground Weapons Level 1 (Chrono Boost)  
  36  4:14  Probe  
  37  4:17  Probe  
  38  4:32  Probe x2  
  40  4:42  Probe  
  40  4:43  Pylon  
  40  4:44  Probe  
  42  4:46  Robotics Facility  
  42  4:51  Pylon  
  42  4:53  Probe  
  42  4:57  Gateway  
  43  5:03  Probe  
  44  5:23  Pylon  
  44  5:28  Assimilator  
  44  5:31  Assimilator  
  44  5:37  Pylon  
  44  5:40  Probe, Pylon  
  45  5:50  Probe  
  46  5:57  Stalker  
  46  5:58  Stalker  
  46  6:01  Probe  
  46  6:02  Nexus  
  43  6:11  Probe  
  43  6:12  Pylon  
  43  6:15  Pylon  
  44  6:22  Probe  
  45  6:27  Stalker x2  
  49  6:32  Probe  
  50  6:42  Dark Shrine  
  50  6:43  Probe  
  51  6:47  Immortal (Chrono Boost)  
  55  7:07  Nexus  
  55  7:18  Pylon  
  55  7:21  Gateway  
  55  7:22  Immortal (Chrono Boost)  
  59  7:26  Protoss Ground Weapons Level 2 (Chrono Boost), Robotics Bay  
  59  7:48  Pylon  
  59  7:51  Pylon  
  59  7:54  Stalker  
  59  7:55  Stalker x2  
  63  8:34  Probe  
  63  8:39  Assimilator  
  64  8:43  Assimilator  
  64  8:44  Probe  
  64  8:47  Pylon  
  65  8:50  Pylon  
  65  8:55  Probe  
  65  8:57  Immortal  
  70  9:05  Probe  
  71  9:12  Forge  
  71  9:16  Probe  
  71  9:22  Stargate  
  72  9:27  Templar Archives  
  72  9:34  Pylon  
  72  9:36  Immortal  
  76  9:59  Dark Templar  
  78  10:00  Dark Templar x3  
  78  10:03  Pylon  
  84  10:11  Probe  
  85  10:22  Probe, Pylon  
  86  10:41  Pylon  
  86  10:43  Pylon  
Show
View Real Time Build Order
Export as new Build Order

Metasapien Zerg - Winner!

Build Orders: Pool First 

Get SALT Encoding   

  12  0:01  Drone  
  13  0:24  Spawning Pool  
  13  0:27  Drone  
  13  0:31  Drone  
  14  0:36  Extractor  
  14  0:42  Overlord  
  13  0:46  Drone  
  14  1:00  Drone  
  14  1:01  Drone  
  16  1:24  Hatchery  
  15  1:27  Drone  
  15  1:30  Drone  
  17  1:35  Drone  
  18  1:43  Metabolic Boost  
  18  1:49  Drone  
  19  1:57  Zergling x2  
  20  2:06  Drone  
  21  2:15  Overlord  
  21  2:36  Drone  
  22  2:38  Queen, Hatchery  
  22  2:41  Drone  
  24  2:52  Zergling x2  
  25  2:59  Zergling x2  
  25  3:00  Zergling x6  
  29  3:06  Queen  
  31  3:18  Drone  
  32  3:30  Zergling x6  
  35  3:35  Drone  
  35  3:37  Overlord  
  36  3:51  Drone  
  36  3:52  Drone  
  36  3:53  Overlord  
  36  3:54  Drone x3  
  36  3:55  Drone  
  41  4:06  Drone x3  
  44  4:26  Lair  
  44  4:29  Drone x4, Extractor  
  47  4:33  Roach Warren  
  47  4:34  Queen  
  47  4:37  Drone x2  
  47  4:38  Drone  
  51  4:49  Pneumatized Carapace  
  51  4:52  Drone x3  
  54  4:56  Extractor  
  54  4:57  Extractor  
  52  5:00  Drone  
  52  5:05  Drone x3  
  56  5:09  Drone  
  56  5:10  Overlord x2  
  57  5:19  Overlord  
  57  5:28  Overlord  
  57  5:30  Drone x3  
  57  5:31  Drone x3  
  57  5:34  Drone  
  64  5:39  Drone x3  
  67  5:44  Hydralisk Den  
  67  5:45  Drone x3  
  67  5:48  Drone x4, Infestation Pit  
  72  5:50  Spore Crawler  
  72  5:52  Drone  
  72  5:55  Extractor  
  71  5:57  Extractor  
  71  5:58  Roach x3  
  71  6:00  Glial Reconstitution  
  76  6:08  Spore Crawler  
  75  6:12  Spore Crawler  
  75  6:15  Drone x2  
  75  6:16  Overlord x3  
  76  6:20  Drone x3  
  76  6:21  Drone x2  
  76  6:25  Zergling x6  
  83  6:26  Roach  
  86  6:37  Roach, Hydralisk x2  
  92  6:48  Overlord, Roach x2, Hydralisk x2  
  92  6:49  Overlord  
  92  6:52  Overlord  
  100  6:54  Drone  
  100  7:00  Drone  
  102  7:04  Evolution Chamber  
  101  7:09  Evolution Chamber  
  101  7:11  Hydralisk x3  
  101  7:12  Roach x2, Hydralisk  
  112  7:30  Zerg Missile Weapons Level 1  
  112  7:32  Hydralisk  
  112  7:33  Roach x2, Hydralisk x3  
  112  7:34  Overlord x2, Roach  
  126  7:38  Zerg Ground Armor Level 1  
  126  7:42  Drone  
  127  8:02  Hydralisk x4  
  127  8:03  Roach x4  
  143  8:17  Hydralisk x3  
  143  8:18  Roach x2  
  143  8:19  Overlord  
  122  8:46  Hydralisk  
  122  8:47  Roach x2, Hydralisk x4  
  122  8:48  Roach x2  
  140  9:03  Spore Crawler  
  140  9:07  Queen x2  
  140  9:09  Burrow  
  143  9:11  Muscular Augments  
  143  9:14  Roach, Hydralisk x2  
  143  9:15  Overlord x3, Roach  
  151  9:32  Hatchery  
  151  9:36  Extractor  
  151  9:38  Hydralisk x2  
  149  9:39  Hydralisk x4  
  149  9:40  Roach x3, Hydralisk  
  169  9:47  Ravager x5  
  169  9:52  Hydralisk x2  
  174  9:53  Roach x2  
  135  10:32  Hydralisk x2  
  135  10:33  Roach x4, Hydralisk  
  135  10:34  Roach x3  
Show
View Real Time Build Order
Export as new Build Order

OscarBarrera Terran 

Build Orders:  

Get SALT Encoding   

  12  0:01  SCV  
  13  0:14  SCV  
  14  0:26  SCV  
  15  0:35  Supply Depot  
  15  0:56  SCV  
  16  0:59  Refinery  
  16  1:02  Barracks  
  16  1:04  Barracks  
  16  1:09  SCV  
  17  1:21  SCV  
  18  1:29  Refinery  
  18  1:33  SCV  
  18  1:34  Supply Depot  
  19  1:45  SCV  
  20  1:57  SCV, Reaper  
  22  2:03  Reaper  
  23  2:09  SCV  
  24  2:21  SCV  
  25  2:34  Reaper  
  25  2:35  Reaper  
  27  2:56  Orbital Command  
  27  3:06  Factory  
  27  3:08  Engineering Bay  
  27  3:10  Marine x2  
  29  3:15  Command Center  
  29  3:28  Marine  
  5  4:02  Orbital Command  
  4  4:30  Cyclone  
  7  4:33  SCV  
  7  4:37  Marine x2  
  11  4:45  SCV  
  11  4:55  Marine  
  12  5:05  Supply Depot  
  12  5:20  Factory Tech Lab  
  12  5:22  SCV  
  13  5:35  SCV  
  14  5:47  SCV  
  14  5:48  Siege Tank  
  14  5:49  Marine  
  19  5:59  SCV  
  19  6:18  Engineering Bay  
  11  6:35  Marine x2  
  9  6:53  Marine  
Show
View Real Time Build Order
Export as new Build Order

Malorise Protoss 

Build Orders:  

Get SALT Encoding   

  12  0:02  Probe (Chrono Boost)  
  13  0:12  Probe (Chrono Boost)  
  14  0:22  Pylon  
  14  0:26  Probe (Chrono Boost)  
  15  0:41  Probe (Chrono Boost)  
  16  0:48  Forge  
  16  0:51  Pylon  
  17  0:57  Probe (Chrono Boost)  
  17  1:03  Assimilator  
  17  1:07  Probe (Chrono Boost)  
  18  1:18  Probe (Chrono Boost)  
  19  1:24  Photon Cannon  
  19  1:30  Photon Cannon  
  19  1:38  Gateway  
  19  1:44  Probe (Chrono Boost)  
  20  2:03  Probe (Chrono Boost)  
  21  2:16  Nexus  
  21  2:20  Probe (Chrono Boost)  
  22  2:24  Assimilator  
  22  2:31  Probe (Chrono Boost)  
  23  2:48  Cybernetics Core  
  23  2:51  Pylon  
  23  2:59  Probe (Chrono Boost)  
  24  3:10  Probe (Chrono Boost)  
  25  3:21  Probe (Chrono Boost)  
  26  3:30  Photon Cannon  
  26  3:31  Stalker  
  28  3:36  Pylon  
  28  3:37  Probe (Chrono Boost)  
  29  3:43  Probe (Chrono Boost)  
  29  3:48  Probe (Chrono Boost)  
  31  3:49  Robotics Facility  
  31  3:53  Probe (Chrono Boost)  
  32  4:15  Stalker  
  34  4:31  Photon Cannon  
  34  4:36  Gateway  
  34  4:38  Immortal  
  40  4:45  Adept  
  40  4:54  Gateway  
  40  5:18  Adept  
  42  5:21  Immortal  
  46  5:32  Adept  
  48  5:55  Adept  
  50  5:59  Adept  
  50  6:01  Adept, Immortal  
Show
View Real Time Build Order
Export as new Build Order

SuperGerkin Protoss 

Build Orders:  

Get SALT Encoding   

  12  0:05  Probe (Chrono Boost)  
  13  0:16  Probe (Chrono Boost)  
  14  0:27  Assimilator  
  14  0:35  Pylon  
  14  0:38  Pylon  
  14  0:41  Probe (Chrono Boost)  
  15  0:53  Probe (Chrono Boost)  
  16  1:23  Gateway  
  16  1:26  Gateway  
  16  1:33  Forge  
  16  1:34  Probe (Chrono Boost)  
  17  1:45  Probe (Chrono Boost)  
  18  1:55  Probe (Chrono Boost)  
  18  1:58  Pylon  
  19  2:06  Probe (Chrono Boost)  
  20  2:16  Probe (Chrono Boost)  
  21  2:23  Photon Cannon  
  21  2:25  Photon Cannon  
  21  2:36  Cybernetics Core  
  21  2:45  Zealot x2  
  25  3:10  Photon Cannon  
  25  3:12  Zealot x2  
  29  3:14  Photon Cannon  
  29  3:26  Stargate  
  29  3:35  Assimilator  
  29  3:43  Stalker x2  
  33  3:54  Probe (Chrono Boost)  
  34  4:04  Probe (Chrono Boost)  
  35  4:13  Stalker x2  
  39  4:54  Pylon  
  39  4:59  Pylon  
  39  5:00  Photon Cannon  
  39  5:03  Photon Cannon  
  39  5:22  Pylon  
  39  5:28  Pylon  
  39  5:30  Photon Cannon  
  39  5:31  Photon Cannon  
  39  5:38  Photon Cannon  
  39  5:39  Stalker x2  
  39  5:40  Photon Cannon  
  43  6:11  Fleet Beacon  
  43  6:51  Stalker x2  
  47  7:21  Stalker x2  
  51  7:51  Stalker x2  
  51  7:53  Carrier (Chrono Boost)  
  61  8:21  Stalker x2  
  51  8:35  Gateway  
  51  8:41  Gateway  
  45  8:59  Stalker x2  
  49  9:29  Stalker x2  
  53  9:48  Stalker x2  
  57  9:59  Stalker x2  
  67  10:18  Stalker x2  
Tags
 
Add a new tag
Caveats
  • Supply blocks, unpowered buildings, or Contaminate may cause inaccurate times.
  • Supply counts are checked every 10 seconds.